 Dungeon Crawl Stone Soup version 0.32-a0-732-ga344392067 (webtiles) character file.

Game seed: 16986797840452875329

4981 MackTheKnife the Toxicologist (level 10, -9/88 HPs)
             Began as a Black Draconian Alchemist on Mar 16, 2024.
             Was a Believer of Kikubaaqudgha.
             Killed from afar by a gargoyle (15 damage)
             ... with a stone arrow
             ... on level 9 of the Dungeon.
             The game lasted 00:14:30 (9029 turns).

MackTheKnife the Toxicologist (DrAl)                Turns: 9029, Time: 00:14:30

Health: -9/88      AC: 11    Str: 14    XL:     10   Next: 29%
Magic:  0/19       EV: 12    Int: 16    God:    Kikubaaqudgha [**....]
Gold:   359        SH:  0    Dex: 10    Spells: 12/21 levels left

rFire   . . .        u - +6 scythe (holy) {polearm}
rCold   . . .        (shield currently unavailable)
rNeg    . . .        (body armour unavailable)
rPois   +            (helmet restricted)
rElec   +            (no cloak)
rCorr   .            y - +3 pair of gloves "Facheh" {rPois Regen+ Dex-4}
SInv    +            (no boots)
Will    +....        x - amulet of guardian spirit
Stlth   ++           t - ring of willpower
HPRegen 1.14/turn    o - ring of see invisible
MPRegen 0.16/turn

%: guardian spirit
@: studying Throwing
A: galvanic breath, AC +7, unfitting armour, electricity resistance,
cold-blooded, stinger 1, strong 1
a: Galvanic Breath, Renounce Religion, Unearth Wretches


You were on level 9 of the Dungeon.
You worshipped Kikubaaqudgha.
Kikubaaqudgha was pleased with you.
You visited 2 branches of the dungeon, and saw 10 of its levels.
You also visited: Sewer.

You collected 475 gold pieces.
You spent 116 gold pieces at shops.


Innate Abilities, Weirdness & Mutations

You can breathe arcing electricity.
Your glossy black scales are hard. (AC +7)
You cannot fit into any form of body armour.
You are resistant to electric shocks. (rElec)
You are cold-blooded and may be slowed by cold attacks.
Your tail ends in a venomous barb.
Your muscles are strong. (Str +4, Int/Dex -1)


   Skills:
 - Level 8.0 Fighting
 - Level 6.0 Dodging
 - Level 1.7 Stealth
 - Level 6.0 Spellcasting
 - Level 1.0 Conjurations
 + Level 6.7 Necromancy
 - Level 8.0 Alchemy


You had 12 spell levels left.
You knew the following spells:

 Your Spells              Type           Power      Damage    Failure   Level
a - Sting                 Conj/Alch      76%        1d7       2%          1
b - Olgreb's Toxic Radia  Alch           30%        N/A       4%          4
A - Animate Dead          Necr           26%        N/A       9%          4

Your spell library contained the following spells:

 Spells                   Type           Power      Damage    Failure   Level
 Sublimation of Blood     Necr           26%        N/A       1%          2
 Kiss of Death            Conj/Necr      68%        2d10      2%          1
 Cigotuvi's Dreadful Rot  Necr/Alch/Air  40%        N/A       2%          2
 Mercury Vapours          Alch/Air       34%        N/A       4%          2
 Dispel Undead            Necr           26%        3d13      9%          4
 Mephitic Cloud           Conj/Alch/Air  14%        N/A       12%         3
 Sticky Flame             Fire/Alch      17%        2d5       26%         4
 Confusing Touch          Hex            4%         N/A       38%         3
 Inner Flame              Hex/Fire       4%         N/A       38%         3
 Tukima's Dance           Hex            4%         N/A       38%         3
 Irradiate                Conj/Alch      9%         3d14      52%         5
 Iskenderun's Mystic Bla  Conj/Tloc      6%         2d4       73%         4
 Dimensional Bullseye     Hex/Tloc       2%         N/A       80%         4
 Ignition                 Fire           2%         3d3       100%        8

Inventory:

Hand Weapons
 i - a +2 spear of venom {polearm}
   (You found it on level 1 of the Dungeon)
 n - a +3 rapier {short}
   (You found it on level 2 of the Dungeon)
 u - a +6 scythe of holy wrath (weapon) {polearm}
   (You took it off Sigmund on level 2 of the Dungeon)
Armour
 y - the +3 pair of gloves "Facheh" (worn) {rPois Regen+ Dex-4}
   (You acquired it on level 7 of the Dungeon)

   Dex-4:     It affects your dexterity (-4).
   rPois:     It protects you from poison.
   Regen+:    It increases your rate of health regeneration.
Jewellery
 o - a ring of see invisible (right hand)
   (You found it on level 3 of the Dungeon)
 t - a ring of willpower (left hand)
   (You found it on level 6 of the Dungeon)
 v - a ring of fire
   (You found it on level 3 of the Dungeon)
 x - an amulet of guardian spirit (around neck)
   (You found it on level 7 of the Dungeon)
 B - an amulet of regeneration {@e2}
   (You found it on level 8 of the Dungeon)
Wands
 k - a wand of flame (66)
   (You took it off Sigmund on level 2 of the Dungeon)
Scrolls
 c - a scroll of vulnerability {!r!r}
 f - 4 scrolls of silence {!r}
 m - 5 scrolls of teleportation {@r4}
 p - 3 scrolls of amnesia
 w - 2 scrolls of enchant weapon
 z - a scroll of poison {unknown}
 A - a scroll of identify {@r1}
 D - a scroll of revelation
Potions
 a - 3 potions of magic
 b - 2 potions of brilliance {unknown}
 d - 3 potions of attraction {!q}
 e - 4 potions of lignification {!q}
 g - 3 potions of enlightenment
 h - 4 potions of might
 j - a potion of mutation {!q}
 q - 2 potions of cancellation
 r - a potion of resistance {unknown}
 s - a potion of haste {@q3}
 C - a potion of ambrosia {unknown}

Dungeon Overview and Level Annotations

Branches:
Dungeon (9/15) Zot: 26655  Temple (1/1) D:5 Zot: 5971   Sewer (visited)
   Lair: D:8-11         Orc: D:9-12

Altars:
Ashenzari
Cheibriados
Dithmenos
Elyvilon
Fedhas
Gozag
Hepliaklqana
Kikubaaqudgha
Makhleb
Okawaru
Qazlal
Ru
Sif Muna
Trog
Uskayaw
Vehumet
Wu Jian
Xom
Yredelemnul
Zin
The Shining One

Shops:
D:2 * D:4

( ............#.##....#
...................>#
....................###
.[##..##.##.#.##......# .
.......##.#.........#
...........####....#.#
..##..#..#### #....#.###
.. #..#..#######........#
.##..#.9@............####
........#######..........
.##..#..# ##...#.#### #.
#..# #...#.# # #...
#...#.# #.....#####...#.#
#.............#.#
..............#.#
#.....#####...#.#


You could see a gargoyle.


Message History

The puff of flame hits the gargoyle but does no damage. 😕 HP[+1] Reach: u) +6 scythe (holy) {polearm}
Press: ? - help, Dir - move target, f/p - gargoyle
Aim: a gargoyle, wielding a +0 mace (lightly damaged, about 24% to evade your +6 scythe of holy wrath)
You reach to attack!
You completely miss the gargoyle.
The gargoyle hurls a stone arrow at you.
The stone arrow hits you!! 😮 HP[-18] MP[-4]
You take 18 damage, and now have 61/88 hp.
MASSIVE DAMAGE!! (PAUSE)
You lost 4 mp, and now have 13/19 mp.
Reach: u) +6 scythe (holy) {polearm}
Press: ? - help, Dir - move target, f/p - gargoyle
Aim: a gargoyle, wielding a +0 mace (lightly damaged, about 24% to evade your +6 scythe of holy wrath)
You reach to attack!
You closely miss the gargoyle.
The gargoyle hits you with a +0 mace. 😮 MP[-1]
You lost 1 mp, and now have 12/19 mp.
Reach: u) +6 scythe (holy) {polearm}
Press: ? - help, Dir - move target, f/p - gargoyle
Aim: a gargoyle, wielding a +0 mace (lightly damaged, about 24% to evade your +6 scythe of holy wrath)
You slash the gargoyle!
Your tail-slap misses the gargoyle.
The gargoyle hurls a stone arrow at you.
The stone arrow misses you. 😮 HP[+1] Reach: u) +6 scythe (holy) {polearm}
Press: ? - help, Dir - move target, f/p - gargoyle
Aim: a gargoyle, wielding a +0 mace (severely damaged, about 24% to evade your +6 scythe of holy wrath)
You hit the gargoyle but do no damage. The gargoyle barely misses you.
The gargoyle hurls a stone arrow at you.
The stone arrow misses you. 😮 HP[+2] MP[+1]
You regained 2 hp, and now have 64/88 hp.
Reach: u) +6 scythe (holy) {polearm}
Press: ? - help, Dir - move target, f/p - gargoyle
Aim: a gargoyle, wielding a +0 mace (severely damaged, about 24% to evade your +6 scythe of holy wrath)
You barely miss the gargoyle.
The gargoyle hits you with a +0 mace! 😮 HP[-5] MP[-1]
You take 5 damage, and now have 59/88 hp.
You lost 1 mp, and now have 12/19 mp.
Reach: u) +6 scythe (holy) {polearm}
Press: ? - help, Dir - move target, f/p - gargoyle
Aim: a gargoyle, wielding a +0 mace (severely damaged, about 24% to evade your +6 scythe of holy wrath)
You barely miss the gargoyle.
You tail-slap the gargoyle, but do no damage.
The gargoyle hits you with a +0 mace!
The gargoyle hurls a stone arrow at you.
The stone arrow misses you. 😮 HP[-13] MP[-3]
You take 13 damage, and now have 46/88 hp.
You lost 3 mp, and now have 9/19 mp.
Reach: u) +6 scythe (holy) {polearm}
Press: ? - help, Dir - move target, f/p - gargoyle
Aim: a gargoyle, wielding a +0 mace (severely damaged, about 24% to evade your +6 scythe of holy wrath)
You barely miss the gargoyle.
The gargoyle hurls a stone arrow at you.
The stone arrow hits you!
* * * LOW HITPOINT WARNING * * *
😨 HP[-6] MP[-2]
You take 6 damage, and now have 40/88 hp.
You lost 2 mp, and now have 7/19 mp.
Reach: u) +6 scythe (holy) {polearm}
Press: ? - help, Dir - move target, f/p - gargoyle
Aim: a gargoyle, wielding a +0 mace (severely damaged, about 24% to evade your +6 scythe of holy wrath)
You hit the gargoyle but do no damage.
The gargoyle hurls a stone arrow at you.
The stone arrow hits you!!
* * * LOW HITPOINT WARNING * * *
The gargoyle closely misses you. 😨 HP[-13] MP[-2]
You take 13 damage, and now have 27/88 hp.
You lost 2 mp, and now have 5/19 mp.
Reach: u) +6 scythe (holy) {polearm}
Press: ? - help, Dir - move target, f/p - gargoyle
Aim: a gargoyle, wielding a +0 mace (severely damaged, about 24% to evade your +6 scythe of holy wrath)
You hit the gargoyle. The gargoyle hits you with a +0 mace!
* * * LOW HITPOINT WARNING * * *
😱 HP[-6] MP[-2]
You take 6 damage, and now have 21/88 hp.
You lost 2 mp, and now have 3/19 mp.
Reach: u) +6 scythe (holy) {polearm}
Press: ? - help, Dir - move target, f/p - gargoyle
Aim: a gargoyle, wielding a +0 mace (almost destroyed, about 24% to evade your +6 scythe of holy wrath)
You hit the gargoyle.
The gargoyle hurls a stone arrow at you.
The stone arrow hits you!!
* * * LOW HITPOINT WARNING * * *
The gargoyle hits you but does no damage. 😱 HP[-17] MP[-2]
You take 17 damage, and now have 4/88 hp.
You lost 2 mp, and now have 1/19 mp.
Reach: u) +6 scythe (holy) {polearm}
Press: ? - help, Dir - move target, f/p - gargoyle
Aim: a gargoyle, wielding a +0 mace (almost destroyed, about 24% to evade your +6 scythe of holy wrath)
You closely miss the gargoyle.
The gargoyle hurls a stone arrow at you.
The stone arrow hits you!
You die...
Kikubaaqudgha rasps: You have failed me!
Welcome... death!

Skill      XL: |  1  2  3  4  5  6  7  8  9 10 |
---------------+-------------------------------+-----
Alchemy        | 4 6 8 |  8.0
Fighting       | 1 5 6 8 |  8.0
Dodging        | 6 |  6.0
Spellcasting   | 3 6 |  6.0
Necromancy     | 4 6 |  6.7
Stealth        | |  1.7
Conjurations   | |  1.0

Action                     |  1- 3 |  4- 6 |  7- 9 | 10-12 || total
---------------------------+-------+-------+-------+-------++-------
  Melee: Unarmed           |     8 |       |       |       ||     8
         Club              |     3 |       |       |       ||     3
         Tailslap          |     3 |    12 |    28 |    11 ||    54
         Spear             |    37 |   114 |   247 |    68 ||   466
         Halberd           |       |       |     1 |    27 ||    28
   Cast: Sting             |    24 |    11 |     3 |     2 ||    40
         Olgreb's Toxic Ra |       |     8 |    33 |     4 ||    45
         Animate Dead      |       |       |       |     2 ||     2
Ability: Galvanic Breath   |       |       |     7 |     1 ||     8
  Evoke: Wand              |       |     5 |       |     2 ||     7
    Use: Scroll            |     2 |     2 |    11 |     1 ||    16
         Potion            |     1 |     1 |     5 |     2 ||     9
   Stab: Sleeping          |     2 |     1 |     1 |     3 ||     7
         Distracted        |       |       |     1 |     1 ||     2
 Armour: Skin              |    24 |    54 |   192 |    81 ||   351
  Dodge: Dodged            |    28 |    46 |   163 |    48 ||   285

Levels and vault maps discovered:
D:1:      sevenhm_arrival_forest_fort_small_5, layout_basic
D:2:      layout_rooms, basic_altar, serial_shops,
          nicolae_shop_pleasant_corner_grove, grunt_ministairs_12, uniq_terence,
          uniq_sigmund, uniq_natasha, uniq_jessica
D:3:      layout_loops_cross, nicolae_qazlal_eye_of_the_storm, minivault_14,
          kennysheep_generic_room_16
D:4:      layout_rooms, kennysheep_mini, serial_shops, shop,
          gup_sewer_entry_glass
D:5:      layout_basic, mainiacjoe_overflow_alcove_2,
          nicolae_overflow_crystal_walls, temple_fountains, uniq_ijyb
D:6:      layout_rooms, jmf_multi_god_temple, ashenzari_conservatory_becter
D:7:      layout_gridville, serial_park_tiny_2, minmay_manual_monstrance
D:8:      layout_basic, mainiacjoe_overflow_big_doors,
          minmay_misc_feat_nine_boxes
D:9:      layout_basic, kennysheep_generic_room_15
Temple:   nicolae_temple_slightly_damp_pantheon

Notes
Turn   | Place    | Note
-------+----------+-------------------------------------------
     0 | D:1      | MackTheKnife the Draconian Alchemist began the quest for
                  | the Orb.
     0 | D:1      | Reached XP level 1. HP: 14/14 MP: 3/3
     0 | D:1      | magus.rc [v1.9.6]
   453 | D:1      | Reached XP level 2. HP: 20/20 MP: 3/5
   571 | D:1      | You pick up a book of Spontaneous Combustion and begin
                  | reading...
   571 | D:1      | You add the spells Inner Flame, Irradiate and Ignition to
                  | your library.
   887 | D:1      | Reached skill level 4 in Alchemy
  1315 | D:2      | Reached XP level 3. HP: 26/26 MP: 6/6
  1331 | D:2      | Noticed Terence
  1373 | D:2      | Killed Terence
  1445 | D:2      | Reached XP level 4. HP: 28/33 MP: 4/7
  1454 | D:2      | Reached skill level 5 in Alchemy
  1521 | D:2      | Learned a level 4 spell: Olgreb's Toxic Radiance
  1546 | D:2      | Noticed Natasha
  1555 | D:2      | Killed Natasha
  1635 | D:2      | Noticed Jessica
  1640 | D:2      | Noticed Sigmund
  1641 | D:2      | Killed Jessica
  1651 | D:2      | Killed Sigmund
  1652 | D:2      | Reached skill level 6 in Alchemy
  1652 | D:2      | Reached XP level 5. HP: 25/38 MP: 0/8
  1652 | D:2      | Reached XP level 6. HP: 30/45 MP: 0/9
  1729 | D:2      | Noticed Natasha
  1736 | D:2      | Killed Natasha
  1737 | D:2      | Reached skill level 7 in Alchemy
  1809 | D:2      | Found Buzun's Assorted Antiques.
  1817 | D:2      | Bought a scroll labelled ULUGHUQ ALILERGH for 31 gold
                  | pieces
  1817 | D:2      | Bought a scroll labelled LOKLOTU URYOD for 31 gold pieces
  1889 | D:2      | Found a glowing silver altar of Zin.
  2085 | D:3      | You pick up a book of Touch and begin reading...
  2085 | D:3      | You add the spells Kiss of Death, Confusing Touch and
                  | Dispel Undead to your library.
  2309 | D:3      | Found a stormy altar of Qazlal.
  2694 | D:4      | Identified the +1 leather armour of the Cartwright {Rampage
                  | rElec rPois Will+}
  2737 | D:4      | Found a glowing drain.
  2788 | Sewer    | Entered a sewer
  2795 | Sewer    | Reached skill level 8 in Alchemy
  2829 | Sewer    | Reached skill level 1 in Fighting
  2829 | Sewer    | Your scales start taking on a glossy black colour.
  2829 | Sewer    | Reached XP level 7. HP: 52/52 MP: 10/10
  2829 | Sewer    | Gained mutation: You are resistant to electric shocks.
                  | (rElec) [Black Draconian growth]
  2897 | D:4      | Found Huvuda's Weapon Shoppe.
  2964 | D:4      | Found an iron altar of Okawaru.
  3266 | D:5      | Entered Level 5 of the Dungeon
  3563 | D:3      | Reached skill level 2 in Fighting
  3699 | D:2      | Noticed Natasha
  3702 | D:2      | Killed Natasha
  4255 | D:5      | Reached skill level 3 in Fighting
  4451 | D:5      | Noticed Ijyb
  4458 | D:5      | Killed Ijyb
  4597 | D:5      | Found a burning altar of Makhleb.
  4605 | D:5      | Reached skill level 4 in Fighting
  4607 | D:5      | Reached skill level 5 in Fighting
  4709 | D:5      | Found a staircase to the Ecumenical Temple.
  4759 | Temple   | Entered the Ecumenical Temple
  4773 | Temple   | Became a worshipper of Kikubaaqudgha
  5184 | D:5      | Found an opulent altar of Gozag.
  5190 | D:5      | Reached XP level 8. HP: 70/70 MP: 6/11
  5192 | D:5      | Reached skill level 6 in Fighting
  5192 | D:5      | Reached skill level 2 in Dodging
  5313 | D:6      | Reached skill level 3 in Dodging
  5507 | D:6      | Reached skill level 4 in Dodging
  5696 | D:6      | Reached skill level 5 in Dodging
  5712 | D:6      | HP: 13/70 [orc warrior/arrow (16)]
  5736 | D:5      | Reached * piety under Kikubaaqudgha
  5736 | D:5      | You add the spells Cigotuvi's Dreadful Rot, Sublimation of
                  | Blood and Animate Dead to your library.
  5736 | D:5      | Received a gift from Kikubaaqudgha
  5873 | D:6      | Found a white marble altar of Elyvilon.
  5874 | D:6      | Found a shimmering blue altar of Sif Muna.
  5983 | D:6      | Reached skill level 6 in Dodging
  6095 | D:6      | Found a broken altar of Ashenzari.
  6110 | D:6      | Reached skill level 3 in Spellcasting
  6339 | D:6      | Reached XP level 9. HP: 69/75 MP: 14/14
  6537 | D:2      | Bought an orange potion for 27 gold pieces
  6537 | D:2      | Bought an orange potion for 27 gold pieces
  6539 | D:2      | Gained mutation: Your muscles are strong. (Str +4, Int/Dex
                  | -1) [potion of mutation]
  6539 | D:2      | Gained mutation: Your tail ends in a venomous barb. [potion
                  | of mutation]
  6651 | D:7      | Reached skill level 4 in Spellcasting
  6686 | D:7      | Reached skill level 5 in Spellcasting
  6930 | D:7      | Reached skill level 6 in Spellcasting
  6949 | D:7      | Reached skill level 7 in Fighting
  7012 | D:7      | You pick up a book of Weapons and begin reading...
  7012 | D:7      | You add the spells Tukima's Dance, Dimensional Bullseye and
                  | Iskenderun's Mystic Blast to your library.
  7274 | D:7      | Reached skill level 8 in Fighting
  7274 | D:7      | Reached skill level 1 in Necromancy
  7280 | D:7      | Reached skill level 2 in Necromancy
  7561 | D:7      | Identified a scroll of acquirement
  7561 | D:7      | Acquired the +3 pair of gloves "Facheh" {rPois Regen+
                  | Dex-4}
  7631 | D:8      | Reached skill level 3 in Necromancy
  7690 | D:8      | Noticed a two-headed ogre
  7697 | D:8      | Killed a two-headed ogre
  7698 | D:8      | Reached skill level 4 in Necromancy
  7698 | D:8      | Reached XP level 10. HP: 88/88 MP: 5/19
  7746 | D:8      | Reached skill level 5 in Necromancy
  7748 | D:8      | Reached ** piety under Kikubaaqudgha
  8130 | D:8      | Learned a level 4 spell: Animate Dead
  8186 | D:8      | Found a bloodstained altar of Trog.
  8191 | D:8      | Found a shimmering altar of Xom.
  8712 | D:9      | Reached skill level 6 in Necromancy
  8880 | D:9      | HP: 20/88 [vampire (5)]
  9010 | D:9      | Noticed a gargoyle
  9027 | D:9      | HP: 21/88 [gargoyle/+0 mace (8)]
  9028 | D:9      | HP: 4/88 [gargoyle/stone arrow (18)]
  9029 | D:9      | Killed from afar by a gargoyle

Vanquished Creatures
  A two-headed ogre (D:8)
  A hornet (D:7)
  Sigmund (D:2)
  A shadow (D:8)
  A vampire (D:9)
  2 wyverns
  A steam dragon (D:7)
  A water moccasin (D:7)
  5 orc warriors
  2 sky beasts (D:7)
  A black bear (D:7)
  5 centaurs
  2 phantoms
  A kobold brigand (D:8)
  A bullfrog (D:6)
  A gnoll sergeant (D:6)
  3 scorpions
  A wight (D:7)
  A howler monkey (D:6)
  3 jellies
  6 orc priests
  3 hounds
  A gnoll bouda (D:6)
  2 sleepcaps
  Jessica (D:2)
  4 iguanas
  Terence (D:2)
  8 orc wizards
  Ijyb (D:5)
  Natasha (thrice) (D:2)
  A hell rat (Sewer)
  9 gnolls (D:6)
  11 adders
  3 shadow imps
  A white imp (D:8)
  2 ufetubi (D:5)
  5 dart slugs
  4 ribbon worms
  37 orcs
  6 bats
  2 endoplasms
  9 giant cockroaches
  11 goblins
  5 hobgoblins
  5 jackals
  13 kobolds
  3 quokkas
  7 ball pythons
  2 frilled lizards
  An orc zombie (D:9)
  15 rats
217 creatures vanquished.

Vanquished Creatures (collateral kills)
  A wyvern (D:9)
1 creature vanquished.

Vanquished Creatures (others)
  A wyvern zombie (D:9)
1 creature vanquished.

Grand Total: 219 creatures vanquished

Table legend:
 A = Non-vault XP
 B = Vault XP
 C = Vault XP percentage of total XP
 D = Non-vault monster count
 E = Vault monster count
 F = Vault count percentage of total count
                 A         B        C        D         E       F
            +---------+---------+-------+---------+---------+-------
      Total |    6078 |    1039 |  14.6 |     187 |      30 |  13.8
            +---------+---------+-------+---------+---------+-------
        D:1 |      40 |       0 |   0.0 |      23 |       0 |   0.0
        D:2 |     153 |     324 |  67.9 |      25 |       6 |  19.4
        D:3 |     224 |       4 |   1.8 |      25 |       2 |   7.4
        D:4 |      65 |      21 |  24.4 |      11 |       5 |  31.2
        D:5 |     568 |      35 |   5.8 |      24 |       1 |   4.0
        D:6 |    1323 |      86 |   6.1 |      34 |       2 |   5.6
        D:7 |    1640 |     316 |  16.2 |      14 |       5 |  26.3
        D:8 |    1427 |     214 |  13.0 |      27 |       1 |   3.6
        D:9 |     638 |       0 |   0.0 |       4 |       0 |   0.0
      Sewer |       0 |      39 | 100.0 |       0 |       8 | 100.0
            +---------+---------+-------+---------+---------+-------

Skill      XL: |  1  2  3  4  5  6  7  8  9 10 |
---------------+-------------------------------+-----
Alchemy        | 4 6 8 |  8.0
Fighting       | 1 5 6 8 |  8.0
Dodging        | 6 |  6.0
Spellcasting   | 3 6 |  6.0
Necromancy     | 4 6 |  6.7
Stealth        | |  1.7
Conjurations   | |  1.0

Action                     |  1- 3 |  4- 6 |  7- 9 | 10-12 || total
---------------------------+-------+-------+-------+-------++-------
  Melee: Unarmed           |     8 |       |       |       ||     8
         Club              |     3 |       |       |       ||     3
         Tailslap          |     3 |    12 |    28 |    11 ||    54
         Spear             |    37 |   114 |   247 |    68 ||   466
         Halberd           |       |       |     1 |    27 ||    28
   Cast: Sting             |    24 |    11 |     3 |     2 ||    40
         Olgreb's Toxic Ra |       |     8 |    33 |     4 ||    45
         Animate Dead      |       |       |       |     2 ||     2
Ability: Galvanic Breath   |       |       |     7 |     1 ||     8
  Evoke: Wand              |       |     5 |       |     2 ||     7
    Use: Scroll            |     2 |     2 |    11 |     1 ||    16
         Potion            |     1 |     1 |     5 |     2 ||     9
   Stab: Sleeping          |     2 |     1 |     1 |     3 ||     7
         Distracted        |       |       |     1 |     1 ||     2
 Armour: Skin              |    24 |    54 |   192 |    81 ||   351
  Dodge: Dodged            |    28 |    46 |   163 |    48 ||   285

Illustrated notes

Table legend:
 A = Kills in this place as a percentage of kills in the entire game.
 B = Kills by you in this place as a percentage of kills by you in the entire game.
 C = Kills by friends in this place as a percentage of kills by friends in the entire game.
 D = Other kills in this place as a percentage of other kills in the entire game.
 E = Experience gained in this place as a percentage of experience gained in the entire game.
 F = Experience gained in this place divided by the number of levels of this place that you have seen.
                   A       B       C       D       E      F
               +-------+-------+-------+-------+-------+----------------------
         Total | 100.0 | 100.0 | 100.0 |   N/A | 100.0 | 647.0
       Dungeon |  96.3 |  96.3 | 100.0 |   N/A |  99.5 | 786.4
         Sewer |   3.7 |   3.7 |   0.0 |   N/A |   0.5 |  39.0
               +-------+-------+-------+-------+-------+----------------------

Table legend: (Time is in decaauts)
 A = Elapsed time spent in this place.
 B = Non-inter-level travel time spent in this place.
 C = Inter-level travel time spent in this place.
 D = Time resting spent in this place.
 E = Time spent auto-exploring this place.
 F = Levels seen in this place.
 G = Mean time per level.
                   A        B        C        D        E       F      G
               +--------+--------+--------+--------+--------+-----+--------+
         Total |   9090 |   8556 |    534 |   1127 |   6009 |  11 |  826.4 |
       Dungeon |   8967 |   8460 |    507 |   1127 |   5960 |   9 |  996.3 |
        Temple |     28 |      1 |     27 |      0 |      0 |   1 |   28.0 |
         Sewer |     93 |     93 |      0 |      0 |     49 |   1 |   93.0 |
               +--------+--------+--------+--------+--------+-----+--------+

Top non-repeatable levels by time:
     D:5: 1611 daAuts
     D:1: 1318 daAuts
     D:8: 1105 daAuts
     D:3: 1098 daAuts
     D:6: 1013 daAuts
     D:7: 964 daAuts
     D:2: 856 daAuts
     D:4: 657 daAuts
     D:9: 342 daAuts
   Sewer: 93 daAuts
  Temple: 28 daAuts
